 Dungeon Crawl Stone Soup version 0.21-a0-621-gc60411f (webtiles) character file.

7088 Amnesiac the Martial Artist (level 11, -2/73 HPs)
             Began as an Octopode Transmuter on Dec 23, 2017.
             Was an Elder of Okawaru.
             Slain by a two-headed ogre
             ... wielding a +0 giant club
              (19 damage)
             ... on level 8 of the Dungeon.
             The game lasted 00:19:00 (10976 turns).

Amnesiac the Martial Artist (Octopode Transmuter)  Turns: 10976, Time: 00:19:01

Health: -2/73      AC:  2    Str: 10    XL:     11   Next: 9%
Magic:  16/19      EV: 26    Int: 16    God:    Okawaru [****..]
Gold:   491        SH:  3    Dex: 22    Spells: 7/21 levels left

rFire    . . .     SeeInvis .     - Unarmed
rCold    + + +     Gourm    .   (shield currently unavailable)
rNeg     . . .     Faith    .   (helmet currently unavailable)
rPois    x         Spirit   .   I - +3 amulet of reflection
rElec    .         Reflect  +   U - ring of protection from cold
rCorr    .         Harm     .   l - +2 ring of dexterity
MR       .....                  g - ring of stealth
Stlth    +++.......             O - ring of protection from cold
HPRegen  0.22/turn              W - ring of protection from fire
MPRegen  0.16/turn              e - ring of ice
                                (no ring)
                                (no ring)

@: spider-form
A: tiny, almost no armour, stealthy swim, (amphibious), 8 rings, (constrict 8)
a: End Transformation, Heroism, Renounce Religion


You were on level 8 of the Dungeon.
You worshipped Okawaru.
Okawaru was greatly pleased with you.
You were near starving.
You were a venomous arachnid creature.
You visited 2 branches of the dungeon, and saw 10 of its levels.
You also visited: Ossuary.

You collected 491 gold pieces.

Inventory:

Hand Weapons
 k - a +0 dagger of protection (melded)
 D - a cursed -2 hunting sling
Missiles
 a - 112 arrows
 p - 279 stones (quivered)
 r - 8 curare-tipped needles
 s - 39 poisoned needles
 H - 5 needles of paralysis
 J - 3 throwing nets
Jewellery
 e - a ring of ice (on tentacle)
 g - a ring of stealth (on tentacle)
 l - a +2 ring of dexterity (right front leg)
 m - an uncursed amulet of faith
 I - a +3 amulet of reflection (around neck)
 O - a ring of protection from cold (on tentacle)
 U - a ring of protection from cold (left front leg)
 W - a ring of protection from fire (on tentacle)
Wands
 y - a wand of clouds (6)
 M - a wand of paralysis (13)
 R - a wand of acid (9)
Scrolls
 d - 2 scrolls of noise {!r, unknown}
 h - 5 scrolls of amnesia {!r}
 q - 5 scrolls of teleportation {!r, unknown}
 t - 4 scrolls of remove curse {!r, unknown}
 u - 7 scrolls of enchant weapon {!r, unknown}
 v - 2 scrolls of fear {!r, unknown}
 z - 2 scrolls of immolation {!r, unknown}
 E - a scroll of blinking {!r, unknown}
 F - a scroll of summoning {!r, unknown}
 G - a scroll of random uselessness {!r, unknown}
 K - 3 scrolls of enchant armour {!r, unknown}
 Q - a scroll of silence {!r, unknown}
 S - a scroll of torment {!r, unknown}
 T - 6 scrolls of identify {!r}
Potions
 f - 6 potions of curing {!q}
 i - a potion of invisibility {!q, unknown}
 j - 4 potions of heal wounds {!q, unknown}
 n - 3 potions of mutation {!q, unknown}
 o - 4 potions of lignification {!q, unknown}
 w - 2 potions of might {!q, unknown}
 x - a potion of brilliance {!q}
 A - 3 potions of flight {!q}
 B - a potion of ambrosia {!q}
 L - a potion of magic {!q, unknown}
 N - a potion of agility {!q}
 P - a potion of berserk rage {!q}
 V - a potion of resistance {!q, unknown}
Books
 b - a book of Changes

   Spells                             Type                      Level
   a - Beastly Appendage              Transmutation                1
   b - Sticks to Snakes               Transmutation                2
   c - Spider Form                    Transmutation/Poison         3
   d - Ice Form                       Ice/Transmutation            4
   e - Blade Hands                    Transmutation                5
 C - the Grimoire of Quantum Transmutation
   (You found it on level 4 of the Dungeon)

   Spells                             Type                      Level
   a - Passwall                       Transmutation/Earth          2
   b - Recall                         Summoning/Translocation      3
   c - Force Lance                    Conjuration/Translocation    4
   d - Yara's Violent Unravelling     Hexes/Transmutation          5
   e - Hydra Form                     Transmutation                6
 Y - a book of Frost

   Spells                             Type                      Level
   a - Freeze                         Ice                          1
   b - Throw Frost                    Conjuration/Ice              2
   c - Ozocubu's Armour               Charms/Ice                   3
   d - Throw Icicle                   Conjuration/Ice              4
   e - Summon Ice Beast               Ice/Summoning                4
Comestibles
 c - 18 rations


   Skills:
 + Level 6.3 Fighting
 + Level 6.2 Dodging
 * Level 9.1 Unarmed Combat
 + Level 5.7 Spellcasting
 * Level 9.1 Transmutations
 + Level 4.4 Invocations


You had 7 spell levels left.
You knew the following spells:

 Your Spells              Type           Power        Failure   Level  Hunger
b - Passwall              Tmut/Erth      ###.......   11%         2    #......
c - Sticks to Snakes      Tmut           ####....     3%          2    #......
d - Ice Form              Ice/Tmut       ####....     43%         4    ####...
e - Spider Form           Tmut/Pois      ###.......   17%         3    ##.....
z - Ozocubu's Armour      Chrm/Ice       #.......     61%         3    ##.....


Dungeon Overview and Level Annotations

Branches:
Dungeon (9/15)             Temple (1/1) D:5
   Lair: D:8-11         Orc: D:9-12

Altars:
Ashenzari
Cheibriados
Dithmenos
Fedhas
Gozag
Hepliaklqana
Kikubaaqudgha
Makhleb
Nemelex Xobeh
Okawaru
Qazlal
Ru
Sif Muna
Trog
Uskayaw
Wu Jian
Xom
Yredelemnul
Zin

Shops:
D:7 *


Innate Abilities, Weirdness & Mutations

You cannot wear most types of armour.
You are very stealthy in the water. (Stealth+)
((You are amphibious.))
You can wear up to eight rings at the same time.
((You can use your tentacles to constrict eight enemies at once.))
((Your skin changes colour to match your surroundings (Stealth+).))
((Your rubbery body absorbs attacks. (AC +1, EV +1)))


Message History

Okawaru will no longer gift you equipment.
You start resting.
HP restored.
You start resting.
HP restored.
You climb downwards.
There is a stone staircase leading up here.
The two-headed ogre shouts in stereo!
The two-headed ogre is too close now for your liking.
There are monsters nearby!
There are monsters nearby!
There is a stone staircase leading up here.
Casting: Ozocubu's Armour
Confirm with . or Enter, or press ? or * to list all spells.
Okay, then.
Casting: Ozocubu's Armour
Confirm with . or Enter, or press ? or * to list all spells.
You turn into a venomous arachnid creature.
Your +0 dagger of protection goes still.
The two-headed ogre hits you with a giant club.
The two-headed ogre completely misses you.
You climb upwards.
There is a stone staircase leading down here.
You are near starving!
You bite the two-headed ogre!
The two-headed ogre is poisoned.
The two-headed ogre is lightly wounded.
You block the two-headed ogre's attack. The two-headed ogre misses you.
You open the door. The two-headed ogre barely misses you.
The two-headed ogre hits you with a giant club!
You barely miss the two-headed ogre.
The two-headed ogre is lightly wounded.
Your transformation is almost over.
You bite the two-headed ogre!
The two-headed ogre is moderately wounded.
The two-headed ogre completely misses you.
The two-headed ogre barely misses you.
You bite the two-headed ogre!
The two-headed ogre looks as sick as possible!
The two-headed ogre is severely wounded.
The two-headed ogre hits you with a giant club!!
* * * LOW HITPOINT WARNING * * *
The two-headed ogre hits you with a giant club!
* * * LOW HITPOINT WARNING * * *
There is an open door here.
Your transformation has ended.
Your +0 dagger of protection hums with potential!
A wight comes into view. It is wielding a halberd.
A wight comes into view. It is wielding an enchanted dagger.
The wight moves out of view.
A wight comes into view. It is wielding an enchanted trident.
The wight closely misses you.
A wight comes into view. It is wielding a battleaxe.
The wight moves out of view.
The wight misses you.
Really quaff
f - 7 potions of curing {!q}?
You feel better.
Casting: Spider Form
Confirm with . or Enter, or press ? or * to list all spells.
You turn into a venomous arachnid creature.
Your +0 dagger of protection goes still.
The wight misses you.
The two-headed ogre hits you with a giant club.
* * * LOW HITPOINT WARNING * * *
The two-headed ogre hits you with a giant club!!
You die...

#.# #)# #.# #.#
##)########.# #.#
##...#.....#.# #.#
####......###.#.#
#.###.###...#.###.#.#
#.##.#....z.........#
#.....####z##.###.###
####### #z##.# #.#
#s##.###.# #O##.....#
#.######## #.#
######### #.#
#.......# #.#
#.#####.# ##########
##.#######.#####.#
.........##
#.............##.#
..###...#.##
##...######.##.##.#


You could see a two-headed ogre and 3 wights.

Vanquished Creatures
  A two-headed ogre (D:8)
  The ghost of Amnesiac the Martial Artist, a novice OpTm of Okawaru (D:9)
  Pikel (D:4)
  A cyclops (D:9)
  Maurice (D:9)
  A troll (D:9)
  2 hungry ghosts
  A vampire mosquito (D:9)
  The ghost of Amnesiac the Insei, an amateur OpTm of Okawaru (D:4)
  A black bear (D:6)
  3 ice beasts
  2 slaves (D:4)
  A sky beast (D:5)
  A necrophage (D:8)
  3 ogres
  A centaur (D:6)
  2 crocodiles
  4 bullfrogs
  A wyvern zombie (D:6)
  2 water moccasin skeletons
  12 scorpions
  4 killer bees (D:7)
  3 wights (D:6)
  2 vampire bats (D:6)
  2 howler monkeys
  3 crimson imps
  2 bullfrog zombies
  2 centaur zombies
  A quasit (D:7)
  2 hounds (D:5)
  A jelly (D:9)
  2 human zombies (Ossuary)
  3 orc priests
  A gnoll shaman (D:8)
  2 bullfrog skeletons
  7 iguanas
  Ijyb (D:5)
  7 orc wizards
  4 worker ants
  4 big kobold zombies (Ossuary)
  A hound skeleton (D:5)
  3 mummies (Ossuary)
  A worker ant zombie (D:5)
  11 gnolls
  3 scorpion zombies (Ossuary)
  12 adders
  2 shadow imps
  2 adder skeletons
  A worm (D:2)
  2 dart slugs
  7 leopard geckos
  29 orcs
  11 bats
  7 giant cockroaches
  6 gnoll zombies
  8 goblins
  9 hobgoblins
  7 jackals
  11 kobolds
  3 quokkas
  5 frilled lizards
  A hobgoblin zombie (Ossuary)
  A leopard gecko skeleton (D:7)
  An orc zombie (Ossuary)
  4 rats
244 creatures vanquished.

Vanquished Creatures (others)
  A troll (D:9)
  A yak (D:9)
  A slave (D:4)
  2 orcs (D:9)
  A kobold zombie (Ossuary)
  A plant (D:9)
7 creatures vanquished.

Grand Total: 251 creatures vanquished

Notes
Turn   | Place    | Note
-------+----------+-------------------------------------------
     0 | D:1      | Amnesiac the Octopode Transmuter began the quest for the Orb.
     0 | D:1      | Reached XP level 1. HP: 13/13 MP: 3/3
   184 | D:1      | Reached XP level 2. HP: 15/18 MP: 5/5
   743 | D:1      | Learned a level 2 spell: Sticks to Snakes
   799 | D:2      | Reached XP level 3. HP: 20/24 MP: 6/6
   804 | D:2      | Learned a level 3 spell: Spider Form
  1444 | D:2      | Reached XP level 4. HP: 29/29 MP: 7/7
  2309 | D:3      | Reached XP level 5. HP: 23/35 MP: 8/8
  2813 | D:3      | Found a basalt altar of Yredelemnul.
  3171 | D:4      | Identified the Grimoire of Quantum Transmutation
  3177 | D:4      | Learned a level 2 spell: Passwall
  3212 | D:4      | Reached XP level 6. HP: 41/41 MP: 9/9
  3280 | D:4      | Noticed a slave
  3284 | D:4      | Noticed Pikel
  3296 | D:4      | Noticed a slave
  3322 | D:4      | Killed Pikel
  3322 | D:4      | Reached skill level 5 in Unarmed Combat
  3322 | D:4      | Reached skill level 5 in Transmutations
  3322 | D:4      | Reached XP level 7. HP: 27/46 MP: 2/11
  3592 | D:4      | Noticed Amnesiac's ghost (amateur OpTm)
  3616 | D:4      | Killed Amnesiac's ghost
  3616 | D:4      | Reached XP level 8. HP: 40/53 MP: 10/13
  3650 | D:4      | Learned a level 4 spell: Ice Form
  4603 | D:5      | Entered Level 5 of the Dungeon
  4668 | D:5      | Noticed Ijyb
  4832 | D:5      | Found a staircase to the Ecumenical Temple.
  4841 | Temple   | Entered the Ecumenical Temple
  4893 | Temple   | Became a worshipper of Warmaster Okawaru
  4959 | D:5      | Killed Ijyb
  5848 | D:6      | Reached XP level 9. HP: 59/59 MP: 15/15
  5857 | D:6      | Reached * piety under Okawaru
  6450 | D:6      | Reached skill level 1 in Invocations
  7030 | D:7      | Found Gydisy's General Store.
  7046 | D:7      | Found a hazy altar of Hepliaklqana.
  7077 | D:7      | Paralysed by fainting for 6 turns
  7386 | D:7      | Found a sparkling altar of Nemelex Xobeh.
  7388 | D:7      | Found an ancient bone altar of Kikubaaqudgha.
  7390 | D:7      | Found a glowing silver altar of Zin.
  7406 | D:7      | Reached skill level 5 in Fighting
  7409 | D:7      | Reached ** piety under Okawaru
  7426 | D:7      | Found a shattered altar of Ashenzari.
  7597 | D:7      | Reached skill level 5 in Dodging
  8145 | D:8      | Noticed a two-headed ogre
  8199 | D:8      | Killed a two-headed ogre
  8199 | D:8      | Reached *** piety under Okawaru
  8199 | D:8      | Reached skill level 5 in Spellcasting
  8199 | D:8      | Reached XP level 10. HP: 18/65 MP: 13/17
  8405 | D:8      | Found a sand-covered staircase.
  8413 | Ossuary  | Entered an ossuary
  9777 | D:9      | Noticed Amnesiac's ghost (novice OpTm)
  9795 | D:9      | Killed Amnesiac's ghost
  9795 | D:9      | Reached **** piety under Okawaru
 10092 | D:9      | Found a shadowy altar of Dithmenos.
 10111 | D:9      | Found an iron altar of Okawaru.
 10113 | D:9      | Noticed Maurice
 10201 | D:9      | Killed Maurice
 10215 | D:9      | Noticed a cyclops
 10296 | D:9      | Killed a cyclops
 10296 | D:9      | Reached XP level 11. HP: 67/71 MP: 19/19
 10311 | D:9      | Learned a level 3 spell: Ozocubu's Armour
 10601 | D:9      | Found a snail-covered altar of Cheibriados.
 10624 | D:9      | Reached ***** piety under Okawaru
 10664 | D:9      | Found a shimmering altar of Xom.
 10671 | D:9      | Noticed a two-headed ogre
 10671 | D:9      | Noticed a two-headed ogre
 10976 | D:8      | Slain by a two-headed ogre

Vault maps used:
D:1:      minmay_arrival_widening_spiral_wide, due_unseen_surprise
D:2:      first_ration, kennysheep_cross_bottleneck
D:3:      lemuel_zombie_altar_yredelemnul
D:4:      uniq_pikel
D:5:      minmay_temple_entry_water_ring, uniq_ijyb
D:6:      roderic_batcave
D:7:      old_standard_altar, grunt_temple_overflow_open, serial_shops,
          kennysheep_mini_moat, grunt_ogre_cave
D:8:      nicolae_ossuary_entry_plus
D:9:      minmay_bloctagon, grunt_dithmenos_smoke_and_mirrors,
          nicolae_tso_carved_into_rock, gammafunk_temple_overflow_forgotten,
          xom_confusion_cloud, basic_altar, minmay_misc_feat_five, uniq_maurice,
          uniq_grum
Temple:   zaba_magenta_temple
Ossuary:  ossuary_minmay_scorpions

Skill      XL: |  1  2  3  4  5  6  7  8  9 10 |
---------------+-------------------------------+-----
Fighting       | 2 3 4 5 6 |  6.3
Transmutations | 3 4 5 6 7 9 |  9.1
Dodging        | 3 4 5 6 |  6.2
Unarmed Combat | 5 6 8 9 |  9.1
Spellcasting   | 3 4 5 |  5.7
Invocations    | 2 4 |  4.4

Action                   |  1- 3 |  4- 6 |  7- 9 | 10-12 || total
-------------------------+-------+-------+-------+-------++-------
Melee: Unarmed           |    30 |     8 |   181 |   105 ||   324
       Constrict         |    25 |    35 |    56 |    42 ||   158
       Tentacles         |    21 |    40 |    70 |    70 ||   201
       Dagger            |    51 |   144 |   288 |   240 ||   723
       Punch             |     1 |     7 |    16 |    27 ||    51
Throw: Stone             |    24 |   109 |   117 |    89 ||   339
 Cast: Beastly Appendage |     1 |       |       |       ||     1
       Spider Form       |       |     1 |    20 |     6 ||    27
       Ice Form          |       |       |     3 |     3 ||     6
       Sticks to Snakes  |       |       |       |     1 ||     1
       Ozocubu's Armour  |       |       |       |     1 ||     1
  Use: Potion            |       |     1 |     1 |     1 ||     3
       Scroll            |       |       |     7 |       ||     7
 Stab: Sleeping          |     5 |     1 |       |     2 ||     8
  Eat: Chunk             |     2 |     6 |    14 |     7 ||    29
       Ration            |       |       |     2 |     1 ||     3
Armor: Skin              |    15 |    35 |    65 |    42 ||   157
Dodge: Dodged            |    46 |   101 |   271 |   184 ||   602
Block: Other             |       |       |    40 |    22 ||    62
       Reflection        |       |       |       |     1 ||     1

Table legend:
 A = Spawn XP
 B = Non-spawn XP
 C = Spawn XP percentage of total XP
 D = Spawn monster count
 E = Non-spawn monster count
 F = Spawn count percentage of total count
 G = Total turns spent on level
                    A         B        C        D         E        F      G
               +---------+---------+-------+---------+---------+-------+---------
         Total |       0 |   10126 |   0.0 |       0 |     243 |   0.0 | 10976
               +---------+---------+-------+---------+---------+-------+---------
           D:1 |       0 |      25 |   0.0 |       0 |      14 |   0.0 |   828
           D:2 |       0 |     117 |   0.0 |       0 |      30 |   0.0 |  1464
           D:3 |       0 |     117 |   0.0 |       0 |      31 |   0.0 |   870
           D:4 |       0 |    1264 |   0.0 |       0 |      17 |   0.0 |  1567
           D:5 |       0 |     522 |   0.0 |       0 |      22 |   0.0 |   826
           D:6 |       0 |    1216 |   0.0 |       0 |      34 |   0.0 |  1321
           D:7 |       0 |     819 |   0.0 |       0 |      17 |   0.0 |   908
           D:8 |       0 |    2006 |   0.0 |       0 |      32 |   0.0 |  1427
           D:9 |       0 |    3130 |   0.0 |       0 |      17 |   0.0 |   981
       Ossuary |       0 |     910 |   0.0 |       0 |      29 |   0.0 |   718
               +---------+---------+-------+---------+---------+-------+---------
